Connexion

Rampage vs Bears

Created - 24 octobre 2023 at 10:31

Goals
1 2 3 OT1 T
Rampage 2 0 2 1 5
Bears 2 0 2 0 4
Shots
1 2 3 OT1 T
Rampage 19 7 10 2 38
Bears 10 3 8 3 24

GoalsPenalties
1st period
1. Rampage , Robert Hagg 9 (Matt Martin 17, Joey Anderson 17) at 2:41 (PP)
2. Bears , Justin Dowling 14 (Cole Koepke 12, Dennis Gilbert 9) at 5:23
3. Rampage , Matt Martin 6 (Robert Hagg 17) at 5:43
4. Bears , Buddy Robinson 8 (Dennis Gilbert 10, Lean Bergmann 13) at 15:14
Kyle Burroughs (HER) for High sticking (Minor) at 2:31
2nd period
No Goal
Cole Koepke (HER) for Interference (Minor) at 9:30
Joseph Labate (SAN) for High sticking (Minor) at 9:30
3rd period
5. Bears , Justin Dowling 15 (Joona Luoto 14) at 0:14
6. Bears , Cole Koepke 19 (Joona Luoto 15, Jordie Benn 14) at 1:05 (PP)
7. Rampage , Michael Sgarbossa 6 (Joseph Labate 11, Nick Holden 14) at 4:33 (PP)
8. Rampage , Jayson Megna 9 (Sam Carrick 11, Erik Gudbranson 8) at 9:02
Joseph Labate (SAN) for Hooking (Minor) at 0:49
Lean Bergmann (HER) for Interference (Minor) at 3:24
Overtime #1
9. Rampage , Eric Cornel 4 (Matt Martin 18) at 2:57
No Penalty
Goalie Stats
Jon Gillies (SAN), 8 saves from 8 shots - (1,000), W, 8-3-2, 21:53 minutes
Adam Werner (SAN), 12 saves from 16 shots - (0,750), 41:05 minutes
Mikhal Berdin (HER), 33 saves from 38 shots - (0,868), OTL, 4-9-3, 62:58 minutes
3 StarsOfficial
1 - Matt Martin (SAN)
2 - Justin Dowling (HER)
3 - Robert Hagg (SAN)
Referees : Bill McCreary and Tom Kowal
Linesman : Lyle Seitz and Pierre Racicot
Game Note
Jon Gillies enters game at 1:05 of 3rd period
Finance
Level 1 -- Attendance: 1804 (90,20%) -- Ticket Income 54 120 $
Level 2 -- Attendance: 952 (95,20%) -- Ticket Income 17 136 $
Total Attendance: 2756 (91,87%)
Total Ticket Income: 71 256 $
Other Income: 14 251 $
Total Income: 85 507 $



Team Name Goals Shots Shots Attemp Shots Blocked PIM HIT PP PK FO%
Rampage 5387374242 / 2 (100%)157%
Bears 42447106241 / 1 (100%)243%

Rampage
Player Name POS G A P +/- PIM HIT SHT SB MP PP MP PP SHT PK MP PK SHT FO% FOT
Curtis McKenzieLW000-1002022:351:0300:00050% 4
Dmytro TimashovLW000001107:150:0000:0000% 0
Eric CornelC/RW101102209:150:0000:00064% 11
Erik Gudbranson D0111020021:220:1600:0000% 0
Hudson FaschingRW0000003018:060:1600:160100% 1
Jayson MegnaRW1010004013:120:0000:0000% 2
Joey AndersonRW011-1002021:161:0300:16075% 4
Johnny KovacevicD000-1030115:250:0000:0000% 0
Joseph LabateLW0110443017:020:1600:0000% 0
Josh BrownD000-1023224:211:0310:1600% 0
Josh LeivoRW000000107:150:0000:000100% 1
Matt MartinC/LW/RW1230034023:171:0300:00043% 28
Michael SgarbossaC1010003018:020:1610:00053% 19
Nick HoldenD0111011021:220:1600:0000% 0
Nick RitchieLW0000013013:120:0000:0000% 0
Robert HaggD112-1032123:131:0310:1600% 0
Sam CarrickC0110002113:120:0000:00081% 16
Steven KampferD0000022217:150:0000:0000% 0
Bears
Player Name POS G A P +/- PIM HIT SHT SB MP PP MP PP SHT PK MP PK SHT FO% FOT
Arttu RuotsalainenC0001000017:170:0000:00037% 19
Austin WatsonC/LW/RW000003007:220:0000:0000% 0
Beck MalenstynLW000-1021015:370:0000:0000% 1
Brennan MenellD0000000116:420:0001:0900% 0
Buddy RobinsonRW1011033017:170:0000:0000% 0
Chad KrysD0001001119:570:0000:0000% 0
Christoffer EhnC/LW0000023014:520:0001:19047% 19
Cole KoepkeLW1120212019:040:1610:0000% 1
Dennis GilbertD0221021220:230:0000:0000% 0
Gustav OlofssonD000-1001325:000:1600:1000% 0
Jay BeagleC/RW0000011015:410:0001:19040% 5
Joona LuotoLW/RW0220000119:050:1600:0000% 2
Jordie BennD0110021124:140:1610:1000% 0
Justin DowlingC/LW/RW2020025020:480:1600:00046% 28
Kyle BurroughsD0000240116:410:0001:0900% 0
Lean BergmannLW/RW0111221017:160:0000:0000% 1
Maxim LetunovC000-100109:120:0000:00060% 10
Tyrell GoulbourneLW000000309:050:0000:0000% 0



Play-by-Play

1st period


0:01 of 1st period - Matt Martin wins face-off versus Justin Dowling in neutral zone.
0:58 of 1st period - Shot by Hudson Fasching.
0:58 of 1st period - Stopped by Mikhal Berdin without a rebound.
0:59 of 1st period - Sam Carrick wins face-off versus Christoffer Ehn in Bears zone.
1:02 of 1st period - Shot by Jayson Megna.
1:02 of 1st period - Stopped by Mikhal Berdin without a rebound.
1:03 of 1st period - Sam Carrick wins face-off versus Arttu Ruotsalainen in Bears zone.
1:30 of 1st period - Shot by Nick Ritchie.
1:30 of 1st period - Stopped by Mikhal Berdin with a rebound.
1:36 of 1st period - Buddy Robinson is hit by Nick Ritchie and loses puck.
2:15 of 1st period - Nick Holden is hit by Beck Malenstyn and loses puck.
2:31 of 1st period - Minor Penalty to Kyle Burroughs for High sticking.
2:32 of 1st period - Matt Martin wins face-off versus Christoffer Ehn in Bears zone.
2:41 of 1st period - Shot by Robert Hagg.
2:41 of 1st period - Goal by Robert Hagg - Rampage : 1 - Bears : 0.
2:42 of 1st period - Eric Cornel wins face-off versus Maxim Letunov in neutral zone.
2:44 of 1st period - Robert Hagg is hit by Austin Watson and loses puck.
2:58 of 1st period - Eric Cornel is hit by Jordie Benn and loses puck.
3:01 of 1st period - Shot by Eric Cornel.
3:01 of 1st period - Deflect By Josh Leivo.
3:01 of 1st period - Shot Misses the Net.
3:03 of 1st period - Shot by Josh Brown.
3:03 of 1st period - Stopped by Mikhal Berdin with a rebound.
3:13 of 1st period - Shot by Eric Cornel.
3:13 of 1st period - Shot Misses the Net.
3:21 of 1st period - Shot by Josh Leivo.
3:21 of 1st period - Stopped by Mikhal Berdin with a rebound.
4:00 of 1st period - Curtis McKenzie is hit by Jordie Benn and loses puck.
4:05 of 1st period - Shot by Matt Martin.
4:05 of 1st period - Shot Misses the Net.
4:16 of 1st period - Icing by Gustav Olofsson.
4:17 of 1st period - Maxim Letunov wins face-off versus Michael Sgarbossa in Bears zone.
4:23 of 1st period - Jordie Benn is hit by Steven Kampfer and loses puck.
4:29 of 1st period - Off-side.
4:30 of 1st period - Justin Dowling wins face-off versus Sam Carrick in neutral zone.
4:38 of 1st period - Shot by Joona Luoto.
4:38 of 1st period - Shot Misses the Net.
4:40 of 1st period - Shot by Cole Koepke.
4:40 of 1st period - Stopped by Adam Werner without a rebound.
4:41 of 1st period - Michael Sgarbossa wins face-off versus Christoffer Ehn in Rampage zone.
4:41 of 1st period - Michael Sgarbossa is hit by Christoffer Ehn.
4:52 of 1st period - Icing by Michael Sgarbossa.
4:53 of 1st period - Justin Dowling wins face-off versus Michael Sgarbossa in Rampage zone.
5:02 of 1st period - Icing by Kyle Burroughs.
5:03 of 1st period - Matt Martin wins face-off versus Justin Dowling in Bears zone.
5:04 of 1st period - Shot by Robert Hagg.
5:04 of 1st period - Stopped by Mikhal Berdin without a rebound.
5:05 of 1st period - Justin Dowling wins face-off versus Matt Martin in Bears zone.
5:19 of 1st period - Shot by Justin Dowling.
5:19 of 1st period - Stopped by Adam Werner with a rebound.
5:21 of 1st period - Shot by Cole Koepke.
5:21 of 1st period - Shot Misses the Net.
5:23 of 1st period - Shot by Justin Dowling.
5:23 of 1st period - Goal by Justin Dowling - Rampage : 1 - Bears : 1.
5:24 of 1st period - Hudson Fasching wins face-off versus Arttu Ruotsalainen in neutral zone.
5:26 of 1st period - Joseph Labate is hit by Kyle Burroughs and loses puck.
5:32 of 1st period - Hudson Fasching is hit by Kyle Burroughs and loses puck.
5:35 of 1st period - Shot by Joseph Labate.
5:35 of 1st period - Shot Misses the Net.
5:37 of 1st period - Shot by Joseph Labate.
5:37 of 1st period - Shot Misses the Net.
5:39 of 1st period - Shot by Nick Holden.
5:39 of 1st period - Stopped by Mikhal Berdin without a rebound.
5:40 of 1st period - Matt Martin wins face-off versus Justin Dowling in Bears zone.
5:43 of 1st period - Shot by Matt Martin.
5:43 of 1st period - Goal by Matt Martin - Rampage : 2 - Bears : 1.
5:44 of 1st period - Matt Martin wins face-off versus Joona Luoto in neutral zone.
6:07 of 1st period - Shot by Robert Hagg.
6:07 of 1st period - Shot Blocked by Gustav Olofsson.
6:47 of 1st period - Shot by Nick Ritchie.
6:47 of 1st period - Stopped by Mikhal Berdin without a rebound.
6:48 of 1st period - Michael Sgarbossa wins face-off versus Jay Beagle in Bears zone.
7:03 of 1st period - Shot by Beck Malenstyn.
7:03 of 1st period - Deflect By Jay Beagle.
7:03 of 1st period - Shot Misses the Net.
7:05 of 1st period - Shot by Christoffer Ehn.
7:05 of 1st period - Shot Misses the Net.
7:07 of 1st period - Shot by Christoffer Ehn.
7:07 of 1st period - Shot Misses the Net.
7:09 of 1st period - Shot by Christoffer Ehn.
7:09 of 1st period - Shot Blocked by Steven Kampfer.
7:19 of 1st period - Shot by Christoffer Ehn.
7:19 of 1st period - Deflect By Jay Beagle.
7:19 of 1st period - Stopped by Adam Werner without a rebound.
7:20 of 1st period - Sam Carrick wins face-off versus Arttu Ruotsalainen in Rampage zone.
7:47 of 1st period - Shot by Sam Carrick.
7:47 of 1st period - Shot Misses the Net.
8:18 of 1st period - Icing by Robert Hagg.
8:19 of 1st period - Christoffer Ehn wins face-off versus Matt Martin in Rampage zone.
8:22 of 1st period - Shot by Christoffer Ehn.
8:22 of 1st period - Stopped by Adam Werner without a rebound.
8:23 of 1st period - Matt Martin wins face-off versus Justin Dowling in Rampage zone.
8:49 of 1st period - Shot by Justin Dowling.
8:49 of 1st period - Stopped by Adam Werner without a rebound.
8:50 of 1st period - Christoffer Ehn wins face-off versus Michael Sgarbossa in Rampage zone.
9:25 of 1st period - Shot by Steven Kampfer.
9:25 of 1st period - Stopped by Mikhal Berdin with a rebound.
9:38 of 1st period - Icing by Chad Krys.
9:39 of 1st period - Matt Martin wins face-off versus Christoffer Ehn in Bears zone.
9:46 of 1st period - Shot by Curtis McKenzie.
9:46 of 1st period - Stopped by Mikhal Berdin with a rebound.
9:52 of 1st period - Shot by Curtis McKenzie.
9:52 of 1st period - Deflect By Matt Martin.
9:52 of 1st period - Shot Misses the Net.
10:00 of 1st period - Robert Hagg is hit by Jay Beagle and loses puck.
10:14 of 1st period - Chad Krys is hit by Matt Martin and loses puck.
10:19 of 1st period - Shot by Matt Martin.
10:19 of 1st period - Stopped by Mikhal Berdin without a rebound.
10:20 of 1st period - Eric Cornel wins face-off versus Justin Dowling in Bears zone.
11:03 of 1st period - Shot by Eric Cornel.
11:03 of 1st period - Deflect By Dmytro Timashov.
11:03 of 1st period - Stopped by Mikhal Berdin without a rebound.
11:04 of 1st period - Arttu Ruotsalainen wins face-off versus Michael Sgarbossa in Bears zone.
11:04 of 1st period - Arttu Ruotsalainen is hit by Joseph Labate.
11:13 of 1st period - Johnny Kovacevic is hit by Kyle Burroughs and loses puck.
11:20 of 1st period - Shot by Michael Sgarbossa.
11:20 of 1st period - Shot Misses the Net.
11:22 of 1st period - Shot by Michael Sgarbossa.
11:22 of 1st period - Stopped by Mikhal Berdin with a rebound.
11:24 of 1st period - Shot by Michael Sgarbossa.
11:24 of 1st period - Stopped by Mikhal Berdin without a rebound.
11:25 of 1st period - Maxim Letunov wins face-off versus Matt Martin in Bears zone.
12:10 of 1st period - Matt Martin is hit by Lean Bergmann and loses puck.
12:22 of 1st period - Shot by Lean Bergmann.
12:22 of 1st period - Shot Misses the Net.
14:32 of 1st period - Icing by Jordie Benn.
14:33 of 1st period - Maxim Letunov wins face-off versus Eric Cornel in Bears zone.
14:57 of 1st period - Off-side.
14:58 of 1st period - Arttu Ruotsalainen wins face-off versus Jayson Megna in neutral zone.
15:08 of 1st period - Shot by Buddy Robinson.
15:08 of 1st period - Shot Misses the Net.
15:10 of 1st period - Shot by Buddy Robinson.
15:10 of 1st period - Stopped by Adam Werner with a rebound.
15:12 of 1st period - Shot by Dennis Gilbert.
15:12 of 1st period - Shot Blocked by Steven Kampfer.
15:14 of 1st period - Shot by Buddy Robinson.
15:14 of 1st period - Goal by Buddy Robinson - Rampage : 2 - Bears : 2.
15:15 of 1st period - Eric Cornel wins face-off versus Justin Dowling in neutral zone.
15:30 of 1st period - Cole Koepke is hit by Dmytro Timashov and loses puck.
15:48 of 1st period - Off-side.
15:49 of 1st period - Arttu Ruotsalainen wins face-off versus Matt Martin in neutral zone.
15:51 of 1st period - Dennis Gilbert is hit by Erik Gudbranson .
15:53 of 1st period - Shot by Chad Krys.
15:53 of 1st period - Stopped by Adam Werner with a rebound.
15:56 of 1st period - Icing by Curtis McKenzie.
15:57 of 1st period - Arttu Ruotsalainen wins face-off versus Curtis McKenzie in Rampage zone.
17:16 of 1st period - Shot by Nick Ritchie.
17:16 of 1st period - Stopped by Mikhal Berdin without a rebound.
17:17 of 1st period - Michael Sgarbossa wins face-off versus Beck Malenstyn in Bears zone.
17:29 of 1st period - Shot by Joseph Labate.
17:29 of 1st period - Shot Misses the Net.
17:38 of 1st period - Brennan Menell is hit by Johnny Kovacevic and loses puck.
17:58 of 1st period - Beck Malenstyn is hit by Johnny Kovacevic and loses puck.
18:21 of 1st period - Shot by Tyrell Goulbourne.
18:21 of 1st period - Stopped by Adam Werner without a rebound.
18:22 of 1st period - Eric Cornel wins face-off versus Justin Dowling in Rampage zone.
18:41 of 1st period - Shot by Eric Cornel.
18:41 of 1st period - Deflect By Josh Leivo.
18:41 of 1st period - Shot Blocked by Chad Krys.
18:43 of 1st period - Shot by Josh Brown.
18:43 of 1st period - Stopped by Mikhal Berdin without a rebound.
18:44 of 1st period - Arttu Ruotsalainen wins face-off versus Joey Anderson in Bears zone.
19:19 of 1st period - Curtis McKenzie is hit by Lean Bergmann and loses puck.
19:54 of 1st period - Shot by Jayson Megna.
19:54 of 1st period - Stopped by Mikhal Berdin without a rebound.
19:55 of 1st period - Christoffer Ehn wins face-off versus Michael Sgarbossa in Bears zone.
Goals for this period are 2 for Rampage vs 2 for Bears .
Shots for this period are 19 for Rampage vs 10 for Bears .

2nd period


0:01 of 2nd period - Sam Carrick wins face-off versus Cole Koepke in neutral zone.
0:05 of 2nd period - Shot by Nick Ritchie.
0:05 of 2nd period - Deflect By Jayson Megna.
0:05 of 2nd period - Shot Blocked by Gustav Olofsson.
0:22 of 2nd period - Justin Dowling is hit by Robert Hagg and loses puck.
1:19 of 2nd period - Icing by Curtis McKenzie.
1:20 of 2nd period - Curtis McKenzie wins face-off versus Lean Bergmann in Rampage zone.
1:38 of 2nd period - Icing by Erik Gudbranson .
1:39 of 2nd period - Matt Martin wins face-off versus Christoffer Ehn in Rampage zone.
1:39 of 2nd period - Matt Martin is hit by Christoffer Ehn.
1:42 of 2nd period - Icing by Joey Anderson.
1:43 of 2nd period - Matt Martin wins face-off versus Christoffer Ehn in Rampage zone.
2:14 of 2nd period - Shot by Michael Sgarbossa.
2:14 of 2nd period - Shot Misses the Net.
2:30 of 2nd period - Shot by Joseph Labate.
2:30 of 2nd period - Stopped by Mikhal Berdin without a rebound.
2:31 of 2nd period - Sam Carrick wins face-off versus Arttu Ruotsalainen in Bears zone.
2:42 of 2nd period - Shot by Arttu Ruotsalainen.
2:42 of 2nd period - Shot Blocked by Sam Carrick.
3:53 of 2nd period - Shot by Eric Cornel.
3:53 of 2nd period - Shot Misses the Net.
3:55 of 2nd period - Shot by Eric Cornel.
3:55 of 2nd period - Shot Blocked by Gustav Olofsson.
3:57 of 2nd period - Shot by Josh Leivo.
3:57 of 2nd period - Shot Blocked by Joona Luoto.
4:15 of 2nd period - Hudson Fasching is hit by Cole Koepke and loses puck.
4:37 of 2nd period - Dennis Gilbert is hit by Joseph Labate and loses puck.
4:54 of 2nd period - Jay Beagle is hit by Josh Brown and loses puck.
5:02 of 2nd period - Icing by Josh Brown.
5:03 of 2nd period - Michael Sgarbossa wins face-off versus Maxim Letunov in Rampage zone.
6:55 of 2nd period - Josh Brown is hit by Justin Dowling and loses puck.
7:23 of 2nd period - Icing by Josh Leivo.
7:24 of 2nd period - Eric Cornel wins face-off versus Christoffer Ehn in Rampage zone.
7:31 of 2nd period - Kyle Burroughs is hit by Eric Cornel and loses puck.
7:35 of 2nd period - Icing by Kyle Burroughs.
7:36 of 2nd period - Christoffer Ehn wins face-off versus Matt Martin in Bears zone.
7:57 of 2nd period - Shot by Matt Martin.
7:57 of 2nd period - Shot Misses the Net.
7:59 of 2nd period - Shot by Steven Kampfer.
7:59 of 2nd period - Stopped by Mikhal Berdin without a rebound.
8:00 of 2nd period - Michael Sgarbossa wins face-off versus Arttu Ruotsalainen in Bears zone.
8:11 of 2nd period - Shot by Gustav Olofsson.
8:11 of 2nd period - Stopped by Adam Werner with a rebound.
8:13 of 2nd period - Shot by Gustav Olofsson.
8:13 of 2nd period - Shot Misses the Net.
8:15 of 2nd period - Shot by Lean Bergmann.
8:15 of 2nd period - Shot Misses the Net.
8:17 of 2nd period - Shot by Arttu Ruotsalainen.
8:17 of 2nd period - Deflect By Lean Bergmann.
8:17 of 2nd period - Stopped by Adam Werner without a rebound.
8:18 of 2nd period - Justin Dowling wins face-off versus Matt Martin in Rampage zone.
8:29 of 2nd period - Shot by Curtis McKenzie.
8:29 of 2nd period - Deflect By Joey Anderson.
8:29 of 2nd period - Shot Misses the Net.
8:43 of 2nd period - Shot by Matt Martin.
8:43 of 2nd period - Stopped by Mikhal Berdin without a rebound.
8:44 of 2nd period - Michael Sgarbossa wins face-off versus Arttu Ruotsalainen in Bears zone.
9:15 of 2nd period - Shot by Hudson Fasching.
9:15 of 2nd period - Shot Misses the Net.
9:30 of 2nd period - Minor Penalty to Cole Koepke for Interference.
9:30 of 2nd period - Minor Penalty to Joseph Labate for High sticking.
9:31 of 2nd period - Joey Anderson wins face-off versus Jay Beagle in neutral zone.
9:36 of 2nd period - Shot by Erik Gudbranson .
9:36 of 2nd period - Shot Misses the Net.
10:05 of 2nd period - Icing by Nick Holden.
10:06 of 2nd period - Joey Anderson wins face-off versus Jay Beagle in Rampage zone.
10:06 of 2nd period - Joey Anderson is hit by Beck Malenstyn.
10:57 of 2nd period - Icing by Robert Hagg.
10:58 of 2nd period - Maxim Letunov wins face-off versus Matt Martin in Rampage zone.
11:07 of 2nd period - Shot by Maxim Letunov.
11:07 of 2nd period - Shot Blocked by Josh Brown.
11:25 of 2nd period - Shot by Christoffer Ehn.
11:25 of 2nd period - Shot Misses the Net.
11:27 of 2nd period - Shot by Christoffer Ehn.
11:27 of 2nd period - Shot Misses the Net.
11:29 of 2nd period - Shot by Christoffer Ehn.
11:29 of 2nd period - Stopped by Adam Werner with a rebound.
13:20 of 2nd period - Shot by Joseph Labate.
13:20 of 2nd period - Shot Blocked by Dennis Gilbert.
13:22 of 2nd period - Shot by Joseph Labate.
13:22 of 2nd period - Stopped by Mikhal Berdin with a rebound.
13:26 of 2nd period - Shot by Hudson Fasching.
13:26 of 2nd period - Shot Misses the Net.
13:37 of 2nd period - Icing by Joseph Labate.
13:38 of 2nd period - Christoffer Ehn wins face-off versus Michael Sgarbossa in Rampage zone.
14:24 of 2nd period - Icing by Kyle Burroughs.
14:25 of 2nd period - Christoffer Ehn wins face-off versus Matt Martin in Bears zone.
15:00 of 2nd period - Shot by Joey Anderson.
15:00 of 2nd period - Stopped by Mikhal Berdin without a rebound.
15:01 of 2nd period - Sam Carrick wins face-off versus Maxim Letunov in Bears zone.
16:07 of 2nd period - Josh Leivo is hit by Dennis Gilbert and loses puck.
16:13 of 2nd period - Icing by Chad Krys.
16:14 of 2nd period - Justin Dowling wins face-off versus Matt Martin in Bears zone.
16:28 of 2nd period - Off-side.
16:29 of 2nd period - Michael Sgarbossa wins face-off versus Arttu Ruotsalainen in neutral zone.
16:31 of 2nd period - Robert Hagg is hit by Buddy Robinson and loses puck.
16:40 of 2nd period - Shot by Michael Sgarbossa.
16:40 of 2nd period - Deflect By Joseph Labate.
16:40 of 2nd period - Stopped by Mikhal Berdin without a rebound.
16:41 of 2nd period - Matt Martin wins face-off versus Christoffer Ehn in Bears zone.
17:15 of 2nd period - Gustav Olofsson is hit by Erik Gudbranson and loses puck.
17:46 of 2nd period - Shot by Michael Sgarbossa.
17:46 of 2nd period - Shot Misses the Net.
17:48 of 2nd period - Shot by Robert Hagg.
17:48 of 2nd period - Shot Misses the Net.
17:50 of 2nd period - Shot by Hudson Fasching.
17:50 of 2nd period - Shot Blocked by Dennis Gilbert.
17:58 of 2nd period - Shot by Michael Sgarbossa.
17:58 of 2nd period - Deflect By Hudson Fasching.
17:58 of 2nd period - Stopped by Mikhal Berdin without a rebound.
17:59 of 2nd period - Sam Carrick wins face-off versus Arttu Ruotsalainen in Bears zone.
18:02 of 2nd period - Shot by Nick Ritchie.
18:02 of 2nd period - Shot Blocked by Kyle Burroughs.
18:19 of 2nd period - Shot by Arttu Ruotsalainen.
18:19 of 2nd period - Shot Misses the Net.
18:21 of 2nd period - Shot by Lean Bergmann.
18:21 of 2nd period - Shot Misses the Net.
18:46 of 2nd period - Icing by Nick Ritchie.
18:47 of 2nd period - Sam Carrick wins face-off versus Justin Dowling in Rampage zone.
Goals for this period are 0 for Rampage vs 0 for Bears .
Shots for this period are 7 for Rampage vs 3 for Bears .

3rd period


0:01 of 3rd period - Justin Dowling wins face-off versus Matt Martin in neutral zone.
0:14 of 3rd period - Shot by Justin Dowling.
0:14 of 3rd period - Goal by Justin Dowling - Rampage : 2 - Bears : 3.
0:15 of 3rd period - Arttu Ruotsalainen wins face-off versus Michael Sgarbossa in neutral zone.
0:33 of 3rd period - Lean Bergmann is hit by Nick Holden and loses puck.
0:36 of 3rd period - Shot by Chad Krys.
0:36 of 3rd period - Shot Misses the Net.
0:49 of 3rd period - Minor Penalty to Joseph Labate for Hooking.
0:50 of 3rd period - Joey Anderson wins face-off versus Justin Dowling in Rampage zone.
1:01 of 3rd period - Shot by Jordie Benn.
1:01 of 3rd period - Stopped by Adam Werner with a rebound.
1:03 of 3rd period - Shot by Joona Luoto.
1:03 of 3rd period - Deflect By Cole Koepke.
1:03 of 3rd period - Shot Blocked by Robert Hagg.
1:05 of 3rd period - Shot by Cole Koepke.
1:05 of 3rd period - Goal by Cole Koepke - Rampage : 2 - Bears : 4.
1:05 of 3rd period - Jon Gillies enters game.
1:06 of 3rd period - Christoffer Ehn wins face-off versus Sam Carrick in neutral zone.
1:10 of 3rd period - Beck Malenstyn is hit by Johnny Kovacevic and loses puck.
1:43 of 3rd period - Shot by Nick Ritchie.
1:43 of 3rd period - Shot Blocked by Brennan Menell.
2:17 of 3rd period - Shot by Curtis McKenzie.
2:17 of 3rd period - Shot Misses the Net.
2:34 of 3rd period - Icing by Justin Dowling.
2:35 of 3rd period - Michael Sgarbossa wins face-off versus Justin Dowling in Bears zone.
2:46 of 3rd period - Shot by Hudson Fasching.
2:46 of 3rd period - Stopped by Mikhal Berdin with a rebound.
2:48 of 3rd period - Shot by Joseph Labate.
2:48 of 3rd period - Shot Misses the Net.
3:24 of 3rd period - Minor Penalty to Lean Bergmann for Interference.
3:25 of 3rd period - Jay Beagle wins face-off versus Matt Martin in Bears zone.
3:35 of 3rd period - Shot by Josh Brown.
3:35 of 3rd period - Stopped by Mikhal Berdin without a rebound.
3:36 of 3rd period - Jay Beagle wins face-off versus Matt Martin in Bears zone.
4:33 of 3rd period - Shot by Michael Sgarbossa.
4:33 of 3rd period - Goal by Michael Sgarbossa - Rampage : 3 - Bears : 4.
4:34 of 3rd period - Sam Carrick wins face-off versus Arttu Ruotsalainen in neutral zone.
5:07 of 3rd period - Shot by Sam Carrick.
5:07 of 3rd period - Shot Misses the Net.
5:09 of 3rd period - Shot by Nick Ritchie.
5:09 of 3rd period - Shot Misses the Net.
5:11 of 3rd period - Shot by Jayson Megna.
5:11 of 3rd period - Stopped by Mikhal Berdin without a rebound.
5:12 of 3rd period - Michael Sgarbossa wins face-off versus Justin Dowling in Bears zone.
5:12 of 3rd period - Michael Sgarbossa is hit by Dennis Gilbert.
5:50 of 3rd period - Dennis Gilbert is hit by Joseph Labate and loses puck.
6:05 of 3rd period - Icing by Erik Gudbranson .
6:06 of 3rd period - Arttu Ruotsalainen wins face-off versus Michael Sgarbossa in Rampage zone.
6:43 of 3rd period - Shot by Joey Anderson.
6:43 of 3rd period - Stopped by Mikhal Berdin without a rebound.
6:44 of 3rd period - Maxim Letunov wins face-off versus Jayson Megna in Bears zone.
6:48 of 3rd period - Brennan Menell is hit by Steven Kampfer and loses puck.
6:53 of 3rd period - Shot by Austin Watson.
6:53 of 3rd period - Shot Misses the Net.
7:01 of 3rd period - Shot by Tyrell Goulbourne.
7:01 of 3rd period - Stopped by Jon Gillies without a rebound.
7:02 of 3rd period - Christoffer Ehn wins face-off versus Matt Martin in Rampage zone.
7:02 of 3rd period - Christoffer Ehn is hit by Robert Hagg.
7:42 of 3rd period - Dennis Gilbert is hit by Matt Martin and loses puck.
7:58 of 3rd period - Off-side.
7:59 of 3rd period - Justin Dowling wins face-off versus Michael Sgarbossa in neutral zone.
8:04 of 3rd period - Justin Dowling is hit by Joseph Labate and loses puck.
8:52 of 3rd period - Shot by Sam Carrick.
8:52 of 3rd period - Stopped by Mikhal Berdin with a rebound.
8:54 of 3rd period - Shot by Sam Carrick.
8:54 of 3rd period - Stopped by Mikhal Berdin with a rebound.
9:02 of 3rd period - Shot by Jayson Megna.
9:02 of 3rd period - Goal by Jayson Megna - Rampage : 4 - Bears : 4.
9:03 of 3rd period - Matt Martin wins face-off versus Arttu Ruotsalainen in neutral zone.
10:06 of 3rd period - Nick Ritchie is hit by Buddy Robinson and loses puck.
11:05 of 3rd period - Hudson Fasching is hit by Austin Watson and loses puck.
11:28 of 3rd period - Shot by Christoffer Ehn.
11:28 of 3rd period - Stopped by Jon Gillies without a rebound.
11:29 of 3rd period - Justin Dowling wins face-off versus Matt Martin in Rampage zone.
11:29 of 3rd period - Justin Dowling is hit by Robert Hagg.
11:36 of 3rd period - Off-side.
11:37 of 3rd period - Curtis McKenzie wins face-off versus Justin Dowling in neutral zone.
11:44 of 3rd period - Shot by Curtis McKenzie.
11:44 of 3rd period - Stopped by Mikhal Berdin without a rebound.
11:45 of 3rd period - Justin Dowling wins face-off versus Matt Martin in Bears zone.
11:45 of 3rd period - Justin Dowling is hit by Matt Martin.
12:02 of 3rd period - Off-side.
12:03 of 3rd period - Michael Sgarbossa wins face-off versus Arttu Ruotsalainen in neutral zone.
12:03 of 3rd period - Michael Sgarbossa is hit by Buddy Robinson.
12:59 of 3rd period - Shot by Joey Anderson.
12:59 of 3rd period - Shot Misses the Net.
13:45 of 3rd period - Off-side.
13:46 of 3rd period - Sam Carrick wins face-off versus Joona Luoto in neutral zone.
13:55 of 3rd period - Icing by Sam Carrick.
13:56 of 3rd period - Sam Carrick wins face-off versus Christoffer Ehn in Rampage zone.
14:00 of 3rd period - Icing by Steven Kampfer.
14:01 of 3rd period - Sam Carrick wins face-off versus Justin Dowling in Rampage zone.
14:01 of 3rd period - Sam Carrick is hit by Justin Dowling.
14:17 of 3rd period - Shot by Cole Koepke.
14:17 of 3rd period - Shot Blocked by Johnny Kovacevic.
14:19 of 3rd period - Shot by Dennis Gilbert.
14:19 of 3rd period - Stopped by Jon Gillies without a rebound.
14:20 of 3rd period - Christoffer Ehn wins face-off versus Matt Martin in Rampage zone.
15:00 of 3rd period - Joey Anderson is hit by Kyle Burroughs and loses puck.
15:24 of 3rd period - Off-side.
15:25 of 3rd period - Justin Dowling wins face-off versus Eric Cornel in neutral zone.
15:45 of 3rd period - Joona Luoto is hit by Eric Cornel and loses puck.
16:34 of 3rd period - Michael Sgarbossa is hit by Austin Watson and loses puck.
17:22 of 3rd period - Shot by Buddy Robinson.
17:22 of 3rd period - Stopped by Jon Gillies with a rebound.
18:07 of 3rd period - Off-side.
18:08 of 3rd period - Justin Dowling wins face-off versus Sam Carrick in neutral zone.
18:22 of 3rd period - Off-side.
18:23 of 3rd period - Josh Leivo wins face-off versus Christoffer Ehn in neutral zone.
18:33 of 3rd period - Gustav Olofsson is hit by Josh Brown and loses puck.
18:48 of 3rd period - Shot by Beck Malenstyn.
18:48 of 3rd period - Shot Blocked by Josh Brown.
18:50 of 3rd period - Shot by Beck Malenstyn.
18:50 of 3rd period - Stopped by Jon Gillies without a rebound.
18:51 of 3rd period - Matt Martin wins face-off versus Justin Dowling in Rampage zone.
19:00 of 3rd period - Shot by Johnny Kovacevic.
19:00 of 3rd period - Shot Misses the Net.
19:02 of 3rd period - Shot by Matt Martin.
19:02 of 3rd period - Stopped by Mikhal Berdin without a rebound.
19:03 of 3rd period - Sam Carrick wins face-off versus Arttu Ruotsalainen in Bears zone.
Goals for this period are 2 for Rampage vs 2 for Bears .
Shots for this period are 10 for Rampage vs 8 for Bears .

Overtime #1


0:01 of 1st overtime period - Eric Cornel wins face-off versus Justin Dowling in neutral zone.
0:08 of 1st overtime period - Shot by Eric Cornel.
0:08 of 1st overtime period - Stopped by Mikhal Berdin without a rebound.
0:09 of 1st overtime period - Justin Dowling wins face-off versus Eric Cornel in Bears zone.
0:28 of 1st overtime period - Shot by Justin Dowling.
0:28 of 1st overtime period - Stopped by Jon Gillies without a rebound.
0:29 of 1st overtime period - Justin Dowling wins face-off versus Eric Cornel in Rampage zone.
0:30 of 1st overtime period - Shot by Tyrell Goulbourne.
0:30 of 1st overtime period - Shot Misses the Net.
0:47 of 1st overtime period - Shot by Eric Cornel.
0:47 of 1st overtime period - Deflect By Matt Martin.
0:47 of 1st overtime period - Shot Misses the Net.
2:01 of 1st overtime period - Shot by Eric Cornel.
2:01 of 1st overtime period - Shot Blocked by Jordie Benn.
2:35 of 1st overtime period - Shot by Tyrell Goulbourne.
2:35 of 1st overtime period - Stopped by Jon Gillies without a rebound.
2:36 of 1st overtime period - Maxim Letunov wins face-off versus Curtis McKenzie in Rampage zone.
2:45 of 1st overtime period - Shot by Maxim Letunov.
2:45 of 1st overtime period - Stopped by Jon Gillies without a rebound.
2:46 of 1st overtime period - Eric Cornel wins face-off versus Maxim Letunov in Rampage zone.
2:57 of 1st overtime period - Shot by Eric Cornel.
2:57 of 1st overtime period - Goal by Eric Cornel - Rampage : 5 - Bears : 4.
Goals for this period are 1 for Rampage vs 0 for Bears .
Shots for this period are 2 for Rampage vs 3 for Bears .